 Dungeon Crawl Stone Soup version 0.29.1-15-g9cfb28693d (webtiles) character file.

Game seed: 5846010829433035641

116 bnorton916 the Magician (level 4, -2/24 HPs)
             Began as a Deep Elf Fire Elementalist on Feb 27, 2023.
             Was an Initiate of Vehumet.
             Slain by a river rat (4 damage)
             ... on level 3 of the Dungeon.
             The game lasted 00:03:17 (2683 turns).

bnorton916 the Magician (DEFE)                      Turns: 2683, Time: 00:03:17

Health: -2/24      AC:  2    Str:  3 (5)  XL:     4   Next: 70%
Magic:  0/12       EV: 12    Int: 19 (22) God:    Vehumet [......]
Gold:   113        SH:  0    Dex: 13 (15) Spells: 5/11 levels left

rFire   . . .      SeeInvis +   p - +0 trident (venom)
rCold   . . .      Faith    .   (no shield)
rNeg    . . .      Spirit   .   a - +0 robe
rPois   .          Reflect  .   (no helmet)
rElec   .          Harm     .   (no cloak)
rCorr   .          Rampage  .   (no gloves)
Will    .....                   (no boots)
Stlth   ++........              (no amulet)
HPRegen 0.08/turn               j - ring of see invisible
MPRegen 0.13/turn               (no ring)

@: flying
A: no striking features
a: Renounce Religion


You were on level 3 of the Dungeon.
You worshipped Vehumet.
Vehumet was noncommittal.
You visited 1 branch of the dungeon, and saw 3 of its levels.

You collected 113 gold pieces.

Inventory:

Hand Weapons
 p - a +0 trident of venom (weapon)
Missiles
 c - 3 boomerangs
 g - 6 boomerangs of dispersal
Armour
 a - a +0 robe (worn)
Jewellery
 j - a ring of see invisible (left hand)
Scrolls
 d - a scroll of magic mapping {unknown}
 e - 2 scrolls of immolation {unknown}
 f - a scroll of butterflies {unknown}
 k - a scroll of noise
 l - a scroll of identify {unknown}
Potions
 b - a potion of magic
 h - a potion of flight
 m - a potion of heal wounds {unknown}
 n - a potion of might {unknown}
 o - a potion of curing {unknown}


   Skills:
 - Level 2.4 Dodging
 - Level 2.4 Stealth
 + Level 4.4 Spellcasting
 + Level 2.9 Conjurations
 + Level 1.1 Summonings
 + Level 4.2 Fire Magic


You had 5 spell levels left.
You knew the following spells:

 Your Spells              Type           Power      Damage    Failure   Level
a - Foxfire               Conj/Fire      68%        2x1d7     3%          1
b - Scorch                Fire           40%        2d7       3%          2
c - Conjure Flame         Conj/Fire      17%        6-21      9%          3

Your spell library contained the following spells:

 Spells                   Type           Power      Damage    Failure   Level
 Summon Small Mammal      Summ           32%        N/A       9%          1
 Beastly Appendage        Tmut           8%         N/A       13%         1
 Inner Flame              Hex/Fire       12%        N/A       16%         3
 Wereblood                Tmut           4%         N/A       21%         2
 Call Canine Familiar     Summ           8%         N/A       24%         3
 Summon Guardian Golem    Hex/Summ       6%         N/A       30%         3
 Flame Wave               Conj/Fire      17%        2d7       30%         4
 Spider Form              Tmut/Pois      4%         N/A       36%         3


Dungeon Overview and Level Annotations

Branches:
Dungeon (3/15)

Altars:
Ru
Vehumet

Shops:
D:2 [


Message History

The river rat is lightly wounded.
The river rat's fire resistance burns away.
The river rat twitches its whiskers.
The river rat bites you.
Unknown command.
Casting: Scorch (safe; 2% risk of failure)
Confirm with . or Enter, or press ? or * to list all spells.
Flames lash the rat.
You kill the rat!
Vehumet accepts your kill.
The river rat is no longer more vulnerable to fire.
The river rat misses you. The river rat bites you.
Your +0 trident of venom begins to drip with poison!
p - a +0 trident of venom (weapon)
It was a potion of flight.
You feel very buoyant.
You fly up into the air.
The river rat completely misses you.
A giant cockroach comes into view.
The worm closely misses you.
Casting: Scorch (safe; 2% risk of failure)
Confirm with . or Enter, or press ? or * to list all spells.
Flames lash the worm.
The worm is lightly wounded.
The worm's fire resistance burns away.
The river rat bites you.
* * * LOW HITPOINT WARNING * * *
The river rat barely misses you. The worm closely misses you.
Unknown command.
As you read the scroll labelled AXU GEURETI, it crumbles to dust.
You hear a loud clanging noise!
It was a scroll of noise.
You hear a shout!
The river rat closely misses you. The worm bites you.
* * * LOW HITPOINT WARNING * * *
It was a potion of degeneration.
There was something very wrong with that liquid.
You feel weakened.
You feel dopey.
You feel clumsy.
The worm is no longer more vulnerable to fire.
The river rat bites you.
You die...

###... ......
.....: .....
#...## #....##
###.#..####
#.....BJw@#
#.##'####r# # #~~~
#.# #.#~Sr #.#
#.#r~ #.# ##.#~w
#.#######
#..#######........
#..........#######
#.#..###.###


You could see a worm, a river rat, an endoplasm and a giant cockroach.

Vanquished Creatures
  A hound (D:3)
  3 adders
  A river rat (D:3)
  A worm (D:2)
  A dart slug (D:1)
  2 orcs (D:3)
  6 bats
  2 endoplasms (D:2)
  3 giant cockroaches
  6 goblins
  4 hobgoblins
  8 ball pythons
  2 frilled lizards (D:1)
  4 kobolds (D:1)
  5 rats
49 creatures vanquished.

Vanquished Creatures (others)
  206 foxfires
  A plant (D:3)
207 creatures vanquished.

Grand Total: 256 creatures vanquished

Notes
Turn   | Place    | Note
-------+----------+-------------------------------------------
     0 | D:1      | bnorton916 the Deep Elf Fire Elementalist began the quest
                  | for the Orb.
     0 | D:1      | Reached XP level 1. HP: 10/10 MP: 6/6
   253 | D:1      | Reached XP level 2. HP: 15/15 MP: 5/8
   496 | D:1      | Found a faded altar of an unknown god.
  1429 | D:2      | Reached XP level 3. HP: 19/19 MP: 3/10
  1904 | D:2      | Learned a level 2 spell: Scorch
  1908 | D:2      | Learned a level 3 spell: Conjure Flame
  2049 | D:2      | Found Dalept's Armour Shoppe.
  2446 | D:3      | Found a sacrificial altar of Ru.
  2476 | D:3      | Reached XP level 4. HP: 18/24 MP: 8/12
  2489 | D:3      | Reached skill level 1 in Summonings
  2596 | D:3      | Found a radiant altar of Vehumet.
  2600 | D:3      | Became a worshipper of Vehumet
  2683 | D:3      | Slain by a river rat

Illustrated notes

Levels and vault maps discovered:
D:1:      elethiomel_arrival_maze, layout_loops_ring,
          chequers_ecumenical_altar_grove
D:2:      layout_basic, serial_shops, nicolae_shop_waterfront
D:3:      layout_loops_ring, mainiacjoe_overflow_tiny_flanked,
          nemelex_diamond_rough_becter, nicolae_ru_sacrificial_ziggurat,
          gammafunk_temple_overflow_wave, portal_sewer_entry_c, serial_aquarium,
          aquarium_bridge_square [aquarium_subvault_bridge,
          aquarium_subvault_wall, aquarium_subvault_balcony,
          aquarium_subvault_bridge], aquarium_window_corridor_1,
          aquarium_window_fake, aquarium_window_1, aquarium_window_corner,
          aquarium_view_2b, aquarium_view_2e, minmay_shallow_snake_nest,
          uniq_crazy_yiuf_cottage

Skill      XL: |  1  2  3  4 |
---------------+-------------+-----
Conjurations   | 2 |  2.9
Spellcasting   | 4 |  4.4
Fire Magic     | 4 |  4.2
Summonings     | 1 |  1.1
Dodging        | |  2.4
Stealth        | |  2.4

Action                   |  1- 3 |  4- 6 || total
-------------------------+-------+-------++-------
 Cast: Foxfire           |   135 |     9 ||   144
       Scorch            |     1 |     6 ||     7
  Use: Potion            |       |     2 ||     2
       Scroll            |       |     1 ||     1
Armor: Robe              |     2 |     1 ||     3
Dodge: Dodged            |     9 |     9 ||    18
